 Dungeon Crawl Stone Soup version 0.17.1-2-g5865329 (webtiles) character file.

418 PossumBlood the Magician (level 6, -5/32 HPs)
             Began as a Deep Elf Wizard on Jan 22, 2016.
             Was a Follower of Sif Muna.
             Killed from afar by a white imp (10 damage)
             ... with a puff of frost
             ... summoned by Eustachio
             ... on level 4 of the Dungeon.
             The game lasted 00:21:17 (3776 turns).

PossumBlood the Magician (Deep Elf Wizard)          Turns: 3776, Time: 00:21:19

Health: -5/32      AC:  4    Str:  4    XL:     6   Next: 61%
Magic:  1/18       EV: 12    Int: 25    God:    Sif Muna [*.....]
Gold:   223        SH:  0    Dex: 13    Spells: 6 memorised, 7 levels left

rFire  . . .     SeeInvis .     q - +0 rod of destruction (1/9)
rCold  . . .     Clarity  .     a - +0 robe
rNeg   . . .     SustAt   .     (no shield)
rPois  .         Gourm    .     b - +1 hat
rElec  .         Spirit   .     (no cloak)
rCorr  .         Warding  .     k - +0 pair of gloves
rMut   .         Stasis   .     (no boots)
MR     .....                    (no amulet)
Stlth  ++........               (no ring)
                                m - ring of wizardry

@: not resistant to hostile enchantments, unstealthy
A: no striking features
a: Channel Energy, Renounce Religion


You were on level 4 of the Dungeon.
You worshipped Sif Muna.
Sif Muna was aware of your devotion.
You were hungry.

You visited 1 branch of the dungeon, and saw 4 of its levels.

You collected 223 gold pieces.

Inventory:

Hand Weapons
 g - a +0 quarterstaff
 l - a +2 dagger of freezing
Armour
 a - a +0 robe (worn)
 b - a +1 hat (worn)
 k - a +0 pair of gloves (worn)
Rods
 q - a +0 rod of destruction (1/9) (weapon)
   (You found it on level 4 of the Dungeon)
Jewellery
 m - a ring of wizardry (left hand)
Scrolls
 f - 2 scrolls of teleportation
 h - 3 scrolls of recharging
 p - a scroll of remove curse
Potions
 e - 2 potions of heal wounds
 j - a potion of invisibility {unknown}
 o - a potion of curing {unknown}
Books
 c - a book of Minor Magic

   Spells                             Type                      Level
   a - Magic Dart                     Conjuration                  1
   b - Blink                          Translocation                2
   c - Call Imp                       Summoning                    2
   d - Repel Missiles                 Charms/Air                   2
   e - Slow                           Hexes                        2
   f - Conjure Flame                  Conjuration/Fire             3
   g - Mephitic Cloud                 Conjuration/Poison/Air       3
Comestibles
 d - 5 bread rations
 i - a meat ration
 n - 6 fruits


   Skills:
 - Level 2.4 Dodging
 - Level 2.4 Stealth
 + Level 7.6 Spellcasting
 + Level 5.4 Conjurations
   Level 1.1 Summonings
 - Level 1.1 Translocations


You had 7 spell levels left.
You knew the following spells:

 Your Spells              Type           Power        Failure   Level  Hunger
a - Magic Dart            Conj           ####         1%          1    None
b - Blink                 Tloc           N/A          3%          2    None
c - Repel Missiles        Chrm/Air       #.....       4%          2    None
d - Slow                  Hex            #.......     4%          2    None
e - Conjure Flame         Conj/Fire      ###.....     3%          3    None
f - Mephitic Cloud        Conj/Pois/Air  ###.....     4%          3    None


Dungeon Overview and Level Annotations

Branches:
Dungeon (4/15)
 Temple: D:4-7

Altars:
Elyvilon
Qazlal
Sif Muna
Xom
Zin

Annotations:
D:4 Eustachio


Message History

The bat closely misses you. The bat misses you.
The white imp shouts, "Tremble, thou fobbing flat-headed pignut!"
The quokka misses you.
The rod doesn't have enough magic points.
The rod doesn't have enough magic points.
The bat misses you. The bat hits you but does no damage.
The iron imp hits you but does no damage.
The iron imp hits you! Eustachio hits you with a falchion.
* * * LOW HITPOINT WARNING * * *
The bat hits you but does no damage.
Really attack while wielding your +0 rod of destruction (1/9)? [Y]es or [N]o only, please.
Really attack while wielding your +0 rod of destruction (1/9)?
You hit Eustachio but do no damage.
Eustachio is almost dead.
The iron imp disappears in a puff of smoke!
The bat misses you. The river rat misses you. The white imp gestures at you.
The puff of frost hits you!
You die...

###... #..# #...... #.##
##### ....>.. ##.#
....##..%.... #..#
#.......... ##..# ##.####
#...# #..5.b# #.#.# #†..§r#
##.#.# #...r@########..#.#§§§
##<..@5...........>#§§§
###......########..### §§
#.......#####......# §
##...##.......##.###
###########....####..##.#
#........#####.###...##.#
#........#####.......##(##
#............####.)....)(####


You could see Eustachio, an iron imp, a river rat, a white imp, a quokka and a
bat.

Vanquished Creatures
  An ice beast (D:3)
  A hound (D:4)
  An orc priest (D:4)
  An orc wizard (D:4)
  3 worker ants (D:4)
  3 adders
  4 gnolls (D:4)
  3 oozes
  An adder skeleton (D:4)
  A worm (D:2)
  5 giant geckos
  4 orcs
  A giant cockroach (D:4)
  8 hobgoblins
  4 jackals (D:1)
  10 kobolds
  2 quokkas
  A ball python (D:3)
  6 bats
  7 giant newts
  7 goblins
  8 rats
82 creatures vanquished.

Vanquished Creatures (others)
  A kobold (D:4)
1 creature vanquished.

Grand Total: 83 creatures vanquished

Notes
Turn   | Place    | Note
--------------------------------------------------------------
     0 | D:1      | PossumBlood the Deep Elf Wizard began the quest for the Orb.
     0 | D:1      | Reached XP level 1. HP: 10/10 MP: 7/7
   238 | D:1      | Reached XP level 2. HP: 15/15 MP: 0/9
   424 | D:1      | Reached skill level 5 in Spellcasting
   786 | D:1      | Reached XP level 3. HP: 19/19 MP: 9/11
  1139 | D:1      | Learned a level 2 spell: Blink
  1142 | D:1      | Learned a level 2 spell: Repel Missiles
  1145 | D:1      | Learned a level 2 spell: Slow
  1149 | D:1      | Learned a level 3 spell: Conjure Flame
  1824 | D:2      | Found a deep blue altar of Sif Muna.
  1841 | D:2      | Became a worshipper of Sif Muna the Loreminder
  1849 | D:2      | Reached XP level 4. HP: 24/24 MP: 11/13
  2072 | D:2      | Learned a level 3 spell: Mephitic Cloud
  2214 | D:3      | Found a shimmering altar of Xom.
  2214 | D:3      | Found a glowing silver altar of Zin.
  2215 | D:3      | Noticed an angel
  2277 | D:3      | Noticed an ice beast
  2786 | D:3      | Killed an ice beast
  2786 | D:3      | Reached skill level 6 in Spellcasting
  2786 | D:3      | Reached XP level 5. HP: 28/28 MP: 0/16
  3049 | D:4      | Reached skill level 7 in Spellcasting
  3080 | D:4      | Reached XP level 6. HP: 29/32 MP: 6/18
  3327 | D:4      | Reached skill level 5 in Conjurations
  3431 | D:4      | Reached * piety under Sif Muna
  3534 | D:4      | Identified a +0 rod of destruction (9/9) (You found it on level 4 of the Dungeon)
  3602 | D:4      | Found a white marble altar of Elyvilon.
  3681 | D:4      | Found a stormy altar of Qazlal.
  3747 | D:4      | Noticed Eustachio
  3776 | D:4      | Killed from afar by a white imp

Action                   |  1- 3 |  4- 6 || total
-------------------------+-------+-------++-------
Melee: Unarmed           |     9 |       ||     9
       Club              |     7 |       ||     7
       Dagger            |       |     1 ||     1
       Rod               |       |     1 ||     1
 Cast: Magic Dart        |   109 |   130 ||   239
       Blink             |       |     2 ||     2
       Conjure Flame     |       |     8 ||     8
Evoke: Rod               |       |     2 ||     2
  Use: Scroll            |     7 |     3 ||    10
  Eat: Bread ration      |     1 |       ||     1
       Beef jerky        |       |     1 ||     1
       Fruit             |       |     3 ||     3
